AoeStats
← General Disarray

Arena

509705904Analyzed
3v3 RM · 6d ago on Sep 27, 2026· 53m 39s· 6 players
Game mode
Random Map
Map size
Normal (6 player)
Population
200
Speed
Normal
Resources
Standard
Victory
Conquest
Starting age
Dark Age
Ending age
Imperial Age
RankedLock teamsTeams togetherTeam positionsShared explorationLock speedFull tech treeHidden civsTurbo modeCheats
Victory
Defeat
🇫🇷 Lithuanians · France
853
+12
🇫🇷 Varangians · France
791
+15
🇫🇷 Vietnamese · France
724
+18
🇬🇧 Sicilians · United Kingdom
941
-71
🇬🇧 Britons · United Kingdom
714
-13
🇬🇧 Franks · United Kingdom
643
-24
General Disarray
13:01 Feudal Age
12:24 Loom
17:09 Double-Bit Axe
17:08 Horse Collar
21:50 Castle Age
24:10 Pikeman
24:57 Padded Archer Armor
24:53 Fletching
25:15 Forging
25:18 Bow Saw
28:50 Bodkin Arrow
29:31 Iron Casting
30:38 Wheelbarrow
30:32 Town Watch
30:54 Gold Mining
30:55 Stone Mining
31:30 Town Patrol
31:36 Scale Mail Armor
31:45 Scale Barding Armor
32:35 Hand Cart
33:44 Chain Mail Armor
33:50 Chain Barding Armor
34:10 Husbandry
37:14 Bloodlines
41:25 Imperial Age
41:47 First Crusade
47:04 Ballistics
47:44 Chemistry
47:07 Heavy Plow
46:43 Halberdier
46:53 Cavalier
50:09 Plate Barding Armor
50:36 Blast Furnace
51:15 Murder Holes
51:31 Masonry
51:27 Siege Engineers
52:11 Plate Mail Armor
51:42 Bracer
52:51 Onager
53:40 Squires
ghoward20
11:47 Feudal Age
18:32 Castle Age
17:54 Scale Barding Armor
19:23 Forging
19:36 Chain Barding Armor
22:00 Husbandry
35:01 Imperial Age
37:13 Cavalier
48:26 Chemistry
Casper VIII
3:22 Loom
12:08 Feudal Age
14:02 Double-Bit Axe
14:02 Horse Collar
20:34 Castle Age
22:54 Bow Saw
22:46 Heavy Plow
24:30 Town Watch
25:21 Wheelbarrow
25:13 Stone Mining
25:16 Gold Mining
28:43 Ballistics
28:16 Fletching
28:26 Padded Archer Armor
28:43 Pikeman
35:00 Squires
38:41 Guard Tower
39:09 Masonry
38:40 Treadmill Crane
41:42 Imperial Age
39:29 Hand Cart
45:22 Halberdier
48:58 Chemistry
XRT Zarke
7:16 Loom
10:08 Feudal Age
11:05 Double-Bit Axe
11:02 Horse Collar
13:23 Wheelbarrow
18:49 Castle Age
20:11 Bow Saw
20:02 Heavy Plow
24:14 Hand Cart
25:15 Husbandry
25:39 Bloodlines
28:05 Scale Barding Armor
28:11 Forging
30:50 Chain Barding Armor
31:06 Iron Casting
33:42 Imperial Age
33:49 Imperial Age
34:03 Elite Leitis
35:13 Conscription
36:51 Caravan
51:12 Plate Barding Armor
XxAlexyzFxX42
0:57 Loom
11:35 Feudal Age
12:34 Horse Collar
12:45 Double-Bit Axe
13:55 Wheelbarrow
17:59 Wheelbarrow
20:26 Castle Age
18:52 Gold Mining
18:52 Stone Mining
19:30 Scale Mail Armor
21:21 Heavy Plow
21:39 Bow Saw
21:44 Squires
23:41 Thumb Ring
24:15 Hand Cart
25:05 Stone Shaft Mining
28:32 Chain Mail Armor
28:19 Padded Archer Armor
28:10 Fletching
28:32 Forging
30:16 Elite Skirmisher
33:24 Chatras
37:24 Imperial Age
36:15 Leather Archer Armor
35:56 Bodkin Arrow
36:40 Ballistics
36:01 Treadmill Crane
37:53 Iron Casting
37:24 Scale Barding Armor
38:35 Crop Rotation
39:10 Two-Man Saw
39:32 Masonry
40:55 Chemistry
40:37 Ring Archer Armor
40:08 Bracer
40:47 Plate Mail Armor
39:43 Imperial Skirmisher
42:19 Paper Money
41:26 Pikeman
43:28 Halberdier
47:37 Chain Barding Armor
53:12 Bombard Tower
52:27 Elite Battle Elephant
53:08 Husbandry
53:19 Bloodlines
Elyo61
11:40 Feudal Age
15:55 Castle Age
15:53 Double-Bit Axe
18:57 Horse Collar
20:00 Wheelbarrow
20:58 Heavy Plow
30:00 Hand Cart
31:39 Stone Mining
39:05 Imperial Age
38:40 Bow Saw
39:02 Scale Barding Armor
39:08 Forging
38:59 Scale Mail Armor
39:58 Gold Mining
44:41 Elite Varangian Guard
47:30 Stone Shaft Mining
47:29 Crop Rotation
46:43 Gothikon
47:52 Gambesons
48:08 Squires
50:24 Iron Casting
50:05 Chain Mail Armor
Connection lost

Rejoining the realm…

Still unreachable

The connection could not be restored.

Session expired

The server has moved on; the page needs a fresh start.